 Dungeon Crawl Stone Soup version 0.27.1 (webtiles) character file.

Game seed: 12857129344866787364

15061 shadowrider38 the Unseen (level 11, -6/60 HPs)
             Began as a Spriggan Enchanter on Aug 26, 2021.
             Was a Follower of Uskayaw.
             Shot with an arrow by Nessos (9 damage)
             ... on level 12 of the Dungeon.
             The game lasted 01:25:14 (18840 turns).

shadowrider38 the Unseen (Spriggan Enchanter)      Turns: 18840, Time: 01:25:15

Health: -6/60      AC:  8    Str:  4    XL:     11   Next: 96%
Magic:  18/18      EV: 19    Int: 23    God:    Uskayaw [*.....]
Gold:   715        SH:  0    Dex: 25    Spells: 6/15 levels left

rFire    . . .     SeeInvis +   a - +5 dagger (freeze)
rCold    . . .     Faith    .   (shield restricted)
rNeg     . . .     Spirit   .   L - +1 steam dragon scales
rPois    .         Reflect  .   p - +2 hat
rElec    .         Harm     .   (no cloak)
rCorr    .         Rampage  .   (gloves unavailable)
Will     +....                  (boots unavailable)
Stlth    +++++++...             f - amulet of regeneration
HPRegen  1.20/turn              T - +6 ring of intelligence
MPRegen  0.16/turn              H - +6 ring of dexterity

@: lethally poisoned (-6 -> -22), very quick
A: very small, no large weapons, unfitting armour, see invisible, speed 3
a: Renounce Religion, Stomp


You were on level 12 of the Dungeon.
You worshipped Uskayaw.
Uskayaw was aware of your devotion.
You visited 2 branches of the dungeon, and saw 13 of its levels.

You collected 715 gold pieces.

Inventory:

Hand Weapons
 a - a +5 dagger of freezing (weapon)
 B - a +2 whip of flaming
 M - a +5 short sword of freezing
Missiles
 c - 391 stones
 j - 48 sling bullets
 q - 7 curare-tipped darts
 E - 55 poisoned darts
 I - 2 boomerangs
Armour
 p - a +2 hat (worn)
 L - +1 steam dragon scales (worn)
 Q - a +0 robe of willpower
Jewellery
 e - a ring of resist corrosion
 f - an amulet of regeneration (around neck)
 H - a +6 ring of dexterity (right hand)
 N - a ring of fire
 T - a +6 ring of intelligence (left hand)
Wands
 i - a wand of paralysis (15)
 v - a wand of acid (9)
 C - a wand of polymorph (11)
 F - a wand of mindburst (7)
 G - a wand of charming (9)
 J - a wand of digging (6)
Scrolls
 h - a scroll of holy word {unknown}
 k - a scroll of amnesia
 m - a scroll of blinking
 o - a scroll of acquirement {unknown}
 t - 2 scrolls of teleportation
 u - a scroll of noise {unknown}
 y - a scroll of fog {unknown}
 A - 2 scrolls of immolation
 P - a scroll of fear {unknown}
 S - a scroll of vulnerability {unknown}
Potions
 b - a potion of flight
 d - a potion of heal wounds
 g - 5 potions of haste
 l - 6 potions of curing
 n - 3 potions of mutation
 r - 2 potions of attraction
 s - 2 potions of lignification
 w - a potion of invisibility
 x - a potion of brilliance
 z - a potion of resistance
 D - 3 potions of degeneration {unknown}
 K - 3 potions of ambrosia {unknown}
Miscellaneous
 O - a lightning rod (4/4)
 R - a phantom mirror (inert)


   Skills:
 - Level 7.9 Fighting
 - Level 8.6 Short Blades
 - Level 3.2 Dodging
 - Level 15.6 Stealth
 - Level 2.6 Spellcasting
 - Level 2.6 Conjurations
 - Level 5.7 Hexes
 + Level 2.5 Earth Magic
 - Level 8.8 Invocations
 - Level 3.9 Evocations


You had 6 spell levels left.
You knew the following spells:

 Your Spells              Type           Power      Damage    Failure   Level
a - Stone Arrow           Conj/Erth      30%        3d8       12%         3
b - Ensorcelled Hibernat  Hex/Ice        32%        N/A       5%          2
c - Confusing Touch       Hex            29%        N/A       3%          3
d - Magic Dart            Conj           60%        1d6       4%          1

Your spell library contained the following spells:

 Spells                   Type           Power      Damage    Failure   Level
 Corona                   Hex            32%        N/A       1%          1
 Tukima's Dance           Hex            29%        N/A       3%          3
 Dazzling Flash           Conj/Hex       44%        N/A       6%          3
 Foxfire                  Conj/Fire      36%        2x1d5     7%          1
 Inner Flame              Hex/Fire       16%        N/A       11%         3
 Animate Skeleton         Necr           6%         N/A       12%         1
 Pain                     Necr           12%        1d4       12%         1
 Call Imp                 Summ           3%         N/A       19%         2
 Conjure Flame            Conj/Fire      9%         6-21      21%         3
 Mephitic Cloud           Conj/Pois/Air  7%         N/A       26%         3
 Lesser Beckoning         Tloc           1%         N/A       34%         3
 Vampiric Draining        Necr           1%         2d6       34%         3
 Animate Armour           Summ/Erth      16%        N/A       56%         4
 Iskenderun's Mystic Bla  Conj/Tloc      9%         2d4       56%         4
 Petrify                  Tmut/Erth      8%         N/A       56%         4
 Silence                  Hex/Air        8%         N/A       71%         5
 Iskenderun's Battlesphe  Conj           15%        2d7       73%         5
 Passage of Golubria      Tloc           N/A        N/A       75%         4
 Bolt of Magma            Conj/Fire/Erth 5%         4d5       86%         5
 Fireball                 Conj/Fire      4%         3d4       88%         5
 Borgnjor's Vile Clutch   Necr/Erth      4%         N/A       89%         5
 Agony                    Necr           3%         N/A       97%         5
 Blade Hands              Tmut           1%         N/A       97%         5
 Excruciating Wounds      Necr           1%         N/A       97%         5
 Iron Shot                Conj/Erth      7%         9d2       99%         6
 Conjure Ball Lightning   Conj/Air       4%         3x3d6     100%        6
 Orb of Destruction       Conj           7%         9d3       100%        7
 Lehudib's Crystal Spear  Conj/Erth      7%         10d3      100%        8
 Shatter                  Erth           7%         3d9*      100%        9


Dungeon Overview and Level Annotations

Branches:
Dungeon (12/15)            Temple (1/1) D:6            Lair (0/6) D:11
    Orc (0/2) D:12

Altars:
Ashenzari
Cheibriados
Dithmenos
Elyvilon
Fedhas
Gozag
Hepliaklqana
Kikubaaqudgha
Makhleb
Nemelex Xobeh
Okawaru
Qazlal
Ru
Sif Muna
Trog
Uskayaw
Vehumet
Wu Jian
Xom
Yredelemnul
Zin
The Shining One

Shops:
D:11 *

Annotations:
D:3 1 runed translucent door
D:11 exclusion: orange crystal statue
D:12 Nessos


Innate Abilities, Weirdness & Mutations

You are very small and have problems with some larger weapons.
You are too small for most types of armour.
You have supernaturally acute eyesight. (SInv)
You cover ground extremely quickly. (Speed+++)


Message History

You reflect Nessos with the mirror!
The mirror clouds!
Nessos unwields a +1 longbow of flaming.
It stops flaming.
Nessos hits Nessos but does no damage.
Nessos kicks Nessos but does no damage.
Nessos blinks!
Nessos hits the orc wizard.
Nessos kicks the orc wizard but does no damage.
The orc wizard barely misses Nessos.
Nessos hits the orc wizard.
Nessos kicks the orc wizard but does no damage.
The orc wizard closely misses Nessos.
Nessos misses the orc wizard.
Nessos closely misses the orc wizard.
Nessos closely misses the orc wizard.
Nessos kicks the orc wizard but does no damage.
The orc wizard hits Nessos but does no damage.
Items here: ) [[ ÷.
Press: ? - help, v - describe, . - travel
Here: Nessos, wearing a +0 barding, quivering arrows and carrying a +1 longbow of flaming (summoned, lightly drained, friendly)
The floor.
Unknown command.
Nessos hits the orc wizard but does no damage.
Nessos kicks the orc wizard but does no damage.
The orc wizard barely misses Nessos.
Okay, then.
Nessos shimmers and vanishes!
Nessos casts a spell.
Nessos seems to speed up.
Nessos pounds the earth with their hooves.
You hear a shout!
Nessos shoots an arrow.
The arrow closely misses you.
Nessos shoots an arrow.
The arrow misses you.
Nessos shoots an arrow.
The arrow hits you. The arrow burns you.
You are poisoned.
You feel sick.
Nessos shoots an arrow.
The arrow hits you! The arrow burns you!
You are more poisoned.
There is a stone staircase leading up, spattered with blood here.
You feel extremely sick.
Nessos shoots an arrow.
The arrow hits you!!
* * * LOW HITPOINT WARNING * * *
The arrow burns you!
You die...

### #### #.# #..##
#.###...###
#.##......# ###
##.#.....## ##.####
#.#.....# ##......
#.#....## #.......
##.....# ##.......
#.@..## #........
##.....#####........
#..##..[.cko........
#.########o........≈
##.# #..........
#.## ##.........
###.######
#.........
#........##
##...k....
#.........##
##.......


You could see Nessos (fast), a rime drake and an orc wizard.

Vanquished Creatures
  A hydra (D:12)
  Erolcha (D:11)
  Erica (D:9)
  A centaur warrior (D:9)
  2 two-headed ogres
  Pikel (D:5)
  2 manticores (D:9)
  An elephant (D:11)
  A gargoyle (D:11)
  A freezing wraith (D:9)
  Psyche (D:10)
  3 trolls
  6 slime creatures
  A hornet (D:7)
  2 wyverns
  A shadow (D:10)
  3 yaks (D:12)
  A wraith (D:12)
  2 steam dragons
  7 vampire mosquitoes
  A basilisk (D:10)
  2 acid dragons
  2 black bears
  2 orc warriors (D:8)
  3 sky beasts (D:6)
  2 necrophages
  An ogre (D:6)
  A lemure (D:5)
  A phantom (D:7)
  7 centaurs
  3 kobold brigands
  A bullfrog (D:8)
  3 gnoll sergeants
  A wyvern zombie (D:8)
  A water moccasin zombie (D:5)
  A wyvern skeleton (D:7)
  21 wights
  11 howler monkeys
  3 centaur zombies
  2 jellies
  2 orc priests
  4 hounds
  2 centaur skeletons (D:7)
  A bullfrog skeleton (D:6)
  6 orc wizards
  An iguana (D:5)
  2 howler monkey zombies (D:9)
  6 adders
  13 gnolls
  3 white imps
  An adder zombie (D:5)
  2 worms (D:4)
  2 dart slugs
  22 orcs
  5 ball pythons
  8 endoplasms
  A giant cockroach (D:4)
  3 goblins
  5 hobgoblins
  21 kobolds
  3 quokkas (D:3)
  A ball python zombie (D:2)
  2 bats
  2 frilled lizards (D:1)
  3 rats
229 creatures vanquished.

Vanquished Creatures (others)
  A withered plant (D:2)
1 creature vanquished.

Grand Total: 230 creatures vanquished

Notes
Turn   | Place    | Note
-------+----------+-------------------------------------------
     0 | D:1      | shadowrider38 the Spriggan Enchanter began the quest for
                  | the Orb.
     0 | D:1      | Reached XP level 1. HP: 9/9 MP: 5/5
   156 | D:1      | Found a faded altar of an unknown god.
  1133 | D:1      | Reached XP level 2. HP: 13/13 MP: 6/6
  1145 | D:1      | Reached skill level 5 in Stealth
  1683 | D:2      | Got the Volume of Warped Clay
  2057 | D:2      | Found an iron altar of Okawaru.
  2395 | D:3      | Found a runed translucent door.
  2395 | D:3      | Noticed a human
  2398 | D:3      | Found a basalt altar of Yredelemnul.
  2588 | D:3      | Found a sparkling altar of Nemelex Xobeh.
  2688 | D:3      | Reached XP level 3. HP: 16/16 MP: 6/8
  2694 | D:3      | Learned a level 2 spell: Ensorcelled Hibernation
  3186 | D:4      | Reached skill level 6 in Stealth
  3458 | D:4      | Reached XP level 4. HP: 21/21 MP: 3/9
  3567 | D:4      | Reached skill level 5 in Hexes
  3819 | D:4      | Noticed a necrophage
  3827 | D:4      | Killed a necrophage
  3828 | D:4      | Reached skill level 7 in Stealth
  3828 | D:4      | Reached XP level 5. HP: 24/24 MP: 10/10
  4008 | D:5      | Entered Level 5 of the Dungeon
  4088 | D:5      | Noticed a phantom
  4330 | D:5      | Learned a level 3 spell: Confusing Touch
  4346 | D:5      | Learned a level 1 spell: Magic Dart
  4411 | D:5      | Found a shadowy altar of Dithmenos.
  4566 | D:5      | Reached skill level 1 in Conjurations
  4733 | D:5      | Reached XP level 6. HP: 28/28 MP: 7/11
  5577 | D:6      | Found a staircase to the Ecumenical Temple.
  5587 | Temple   | Entered the Ecumenical Temple
  5667 | Temple   | Became a worshipper of Uskayaw the Reveller
  5722 | D:6      | Reached * piety under Uskayaw
  5806 | D:6      | Noticed Pikel
  6130 | D:6      | Found a snail-covered altar of Cheibriados.
  6135 | D:6      | Found an ornate altar of the Wu Jian Council.
  6139 | D:6      | Found a glowing silver altar of Zin.
  6378 | D:6      | Reached ** piety under Uskayaw
  6845 | D:6      | Noticed a sky beast
  6850 | D:6      | Killed a sky beast
  6851 | D:6      | Reached XP level 7. HP: 32/32 MP: 12/12
  7387 | D:6      | Reached skill level 8 in Stealth
  7392 | D:6      | Reached skill level 5 in Short Blades
  8567 | D:5      | Killed Pikel
  8568 | D:5      | Reached skill level 10 in Stealth
  8568 | D:5      | Reached XP level 8. HP: 35/36 MP: 10/13
  9075 | D:7      | Found a sacrificial altar of Ru.
  9394 | D:7      | Reached skill level 11 in Stealth
  9848 | D:7      | Noticed a hornet
  9854 | D:7      | Killed a hornet
  9869 | D:7      | Reached skill level 12 in Stealth
  9869 | D:7      | Reached XP level 9. HP: 39/39 MP: 9/14
 10359 | D:8      | Reached skill level 1 in Evocations
 10771 | D:8      | Reached skill level 13 in Stealth
 11237 | D:8      | Reached skill level 1 in Invocations
 12360 | D:9      | Noticed a freezing wraith
 12365 | D:9      | Killed a freezing wraith
 12484 | D:9      | Reached skill level 14 in Stealth
 12487 | D:9      | Reached *** piety under Uskayaw
 12489 | D:9      | Reached skill level 5 in Invocations
 12489 | D:9      | Reached XP level 10. HP: 44/44 MP: 15/15
 12490 | D:9      | Reached **** piety under Uskayaw
 13372 | D:9      | Noticed a centaur warrior
 13377 | D:9      | Killed a centaur warrior
 13436 | D:9      | Noticed a manticore
 13444 | D:9      | Killed a manticore
 13482 | D:9      | Noticed a centaur warrior
 13489 | D:9      | Noticed a manticore
 14041 | D:9      | Noticed Erica
 14408 | D:9      | Killed Erica
 14409 | D:9      | Reached skill level 15 in Stealth
 14491 | D:9      | Killed a manticore
 14527 | D:10     | Entered Level 10 of the Dungeon
 15474 | D:10     | Noticed Psyche
 15477 | D:10     | Killed Psyche
 16035 | D:11     | Found a staircase to the Lair.
 16035 | D:11     | Noticed Erolcha
 16044 | D:11     | Noticed an elephant
 16101 | D:11     | Reached XP level 11. HP: 48/48 MP: 14/18
 16189 | D:10     | Reached skill level 1 in Fighting
 16305 | D:11     | Found Lamosh's General Store.
 16348 | D:11     | Noticed an orange crystal statue
 17269 | D:11     | Killed Erolcha
 17368 | D:11     | Noticed a two-headed ogre
 17370 | D:11     | Killed a two-headed ogre
 17371 | D:11     | Reached skill level 5 in Fighting
 17376 | D:11     | Learned a level 3 spell: Stone Arrow
 17649 | D:12     | Noticed a two-headed ogre
 17649 | D:12     | Found a staircase to the Orcish Mines.
 17656 | D:12     | Noticed a six-headed hydra
 17662 | D:12     | Killed a two-headed ogre
 17669 | D:12     | Killed a six-headed hydra
 18505 | D:12     | Noticed Nessos
 18518 | D:12     | Reached skill level 1 in Earth Magic
 18773 | D:12     | HP: 3/60 [poisoned by Nessos]
 18840 | D:12     | HP: 3/60 [Nessos/arrow (20)]
 18840 | D:12     | Shot with an arrow by Nessos

Illustrated notes

Levels and vault maps discovered:
D:1:      amcnicky_arrival_double_pillar, layout_loops_cross,
          chequers_ecumenical_altar_island
D:2:      layout_loops_ring, basic_altar, serial_undead, serial_undead_e,
          serial_undead_d, serial_undead_e, serial_undead_c
D:3:      layout_basic, dk_yredelemnul_ordeal,
          nemelex_xobeh_ov_fountains_minmay, minmay_misc_feat_diagonals
D:4:      layout_cave_pools
D:5:      layout_cave_pools, grunt_dithmenos_smoke
D:6:      layout_layer_cave, minmay_overflow_temple_star_quad,
          minmay_temple_entry_statues_pillars, uniq_pikel
D:7:      layout_loops_ring, nicolae_ru_sacrificial_ziggurat
D:8:      layout_basic
D:9:      minmay_diamond_stairs, layout_loops_corners, uniq_erica
D:10:     layout_basic, amcnicky_mini_corridor_feature, uniq_psyche
D:11:     layout_roguey, david_lair_generic, serial_shops,
          nicolae_shop_statue_plus, minmay_statue_bubble, uniq_erolcha
D:12:     layout_cave_pods, orc_0_dummy, portal_ice_cave_rime, special_room
          [special_room_orc], nicolae_trove_entry_crossroad, uniq_nessos
Temple:   regret_index_temple_waves

Skill      XL: |  1  2  3  4  5  6  7  8  9 10 11 |
---------------+----------------------------------+-----
Hexes          | 4 5 |  5.7
Stealth        | 5 6 7 10 12 14 15 | 15.6
Short Blades   | 2 4 6 8 |  8.6
Conjurations   | 1 2 |  2.6
Evocations     | 3 |  3.9
Invocations    | 5 8 |  8.8
Dodging        | 3 |  3.2
Fighting       | 7 |  7.9
Earth Magic    | 2 |  2.5
Spellcasting   | |  2.6

Action                   |  1- 3 |  4- 6 |  7- 9 | 10-12 || total
-------------------------+-------+-------+-------+-------++-------
Melee: Dagger            |   129 |    90 |   121 |   197 ||   537
       Short sword       |       |       |    81 |   143 ||   224
Throw: Stone             |    16 |    20 |       |       ||    36
 Cast: Corona            |    15 |     5 |     3 |       ||    23
       Ensorcelled Hiber |     3 |    31 |    20 |    63 ||   117
       Magic Dart        |       |    39 |    89 |     3 ||   131
       Confusing Touch   |       |     1 |    19 |    27 ||    47
Invok: Stomp             |       |       |     8 |     2 ||    10
       Line Pass         |       |       |       |    13 ||    13
Evoke: Wand              |       |       |       |     3 ||     3
       Phantom mirror    |       |       |       |     1 ||     1
  Use: Scroll            |       |     4 |     5 |     7 ||    16
       Potion            |       |     1 |       |     1 ||     2
 Stab: Sleeping          |    18 |    20 |    26 |    32 ||    96
       Confused          |       |       |    16 |    32 ||    48
       Distracted        |       |       |     2 |     2 ||     4
       Paralysed         |       |       |     1 |     8 ||     9
Armor: Robe              |     5 |    11 |    15 |    12 ||    43
       Steam dragon scal |       |       |       |    59 ||    59
Dodge: Dodged            |    69 |    61 |   132 |   286 ||   548
